AoeStats
← chenya_ko

Arabia

509795277Analyzed
1v1 RM · 5d ago on Sep 28, 2026· 35m 42s· 2 players
Game mode
Random Map
Map size
Tiny (2 player)
Population
200
Speed
Normal
Resources
Standard
Victory
Conquest
Starting age
Dark Age
Ending age
Imperial Age
RankedLock teamsTeams togetherTeam positionsShared explorationLock speedFull tech treeHidden civsTurbo modeCheats
Victory
Defeat
🇲🇽 Mongols · Mexico
1115
+17
🇹🇼 Japanese · Taiwan
1142
-17
ed_glezesc
1:44 Loom
1:56 Loom
9:33 Feudal Age
10:35 Double-Bit Axe
10:51 Horse Collar
15:47 Gold Mining
18:29 Wheelbarrow
21:10 Castle Age
19:44 Forging
19:59 Scale Barding Armor
24:54 Bloodlines
24:49 Husbandry
25:24 Chain Barding Armor
25:45 Iron Casting
26:58 Heavy Plow
27:08 Town Watch
31:21 Bow Saw
35:52 Gold Shaft Mining
chenya_ko
1:24 Loom
10:02 Feudal Age
10:12 Man-at-Arms
11:04 Double-Bit Axe
14:51 Fletching
17:30 Wheelbarrow
17:30 Forging
22:57 Castle Age
21:09 Horse Collar
21:57 Gold Mining
21:59 Arson
22:16 Scale Mail Armor
22:17 Padded Archer Armor
23:12 Long Swordsman
23:40 Gambesons
23:55 Squires
24:21 Bow Saw
24:54 Iron Casting
24:46 Elite Skirmisher
25:40 Heavy Plow
26:59 Gold Shaft Mining
27:24 Chain Mail Armor
28:13 Hand Cart
30:58 Bodkin Arrow
31:13 Town Watch
32:33 Pikeman
34:53 Stone Mining
Connection lost

Rejoining the realm…

Still unreachable

The connection could not be restored.

Session expired

The server has moved on; the page needs a fresh start.